 Dungeon Crawl Stone Soup version 0.19.4-25-g1b72edd (webtiles) character file.

11488 JeffiDaFish the Basher (level 11, -1/68 HPs)
             Began as a Gargoyle Fighter on Feb 26, 2017.
             Was an Elder of Okawaru.
             Slain by Sonja
             ... wielding a +2 dagger of distortion
              (4 damage)
             ... on level 2 of the Lair of Beasts on Feb 28, 2017.
             The game lasted 00:33:16 (9675 turns).

JeffiDaFish the Basher (Gargoyle Fighter)           Turns: 9675, Time: 00:33:16

Health: -1/68      AC: 35    Str: 24    XL:     11   Next: 78%
Magic:  11/11      EV:  7    Int:  8    God:    Okawaru [****..]
Gold:   320        SH: 17    Dex: 12    Spells: 0 memorised, 10 levels left

rFire  . . .     SeeInvis .     v - +0 morningstar (protect)
rCold  + . .     Gourm    .     w - +0 plate armour
rNeg   + . .     Faith    .     c - +1 shield
rPois  ∞         Spirit   .     a - +2 hat {MR+}
rElec  +         Reflect  +     b - +2 cloak
rCorr  .         Harm     .     (no gloves)
MR     +....                    t - +1 pair of boots
Stlth  ..........               y - +4 amulet of reflection
                                A - +3 ring of strength (curse)
                                n - ring of protection from cold

@: protection aura
A: negative energy resistance 1, electricity resistance, unbreathing,
petrification resistance, rot immunity, AC +7
a: Heroism, Renounce Religion


You were on level 2 of the Lair of Beasts.
You worshipped Okawaru.
Okawaru was greatly pleased with you.
You were hungry.

You visited 3 branches of the dungeon, and saw 12 of its levels.

You collected 692 gold pieces.
You spent 372 gold pieces at shops.

Inventory:

Hand Weapons
 l - a +2 whip of electrocution
 v - a +0 morningstar of protection (weapon)
Armour
 a - a +2 hat of magic resistance (worn)
 b - a +2 cloak (worn)
 c - a +1 shield (worn)
 t - a +1 pair of boots (worn)
 w - a +0 plate armour (worn)
Jewellery
 n - a ring of protection from cold (left hand)
 y - a +4 amulet of reflection (around neck)
 A - a cursed +3 ring of strength (right hand)
Wands
 m - a wand of confusion (10/48)
Scrolls
 e - 6 scrolls of magic mapping
 g - 3 scrolls of amnesia
 h - 4 scrolls of identify
 s - a scroll of remove curse
 x - a scroll of teleportation
Potions
 o - 3 potions of curing
 q - 2 potions of heal wounds
 r - a potion of flight
Books
 p - a book of Minor Magic

   Spells                             Type                      Level
   a - Magic Dart                     Conjuration                  1
   b - Blink                          Translocation                2
   c - Call Imp                       Summoning                    2
   d - Repel Missiles                 Charms/Air                   2
   e - Slow                           Hexes                        2
   f - Conjure Flame                  Conjuration/Fire             3
   g - Mephitic Cloud                 Conjuration/Poison/Air       3
Comestibles
 d - 8 slices of pizza
 f - 9 bread rations
 i - 9 beef jerkies
 j - 5 fruits
 k - 4 meat rations
 u - a royal jelly
 z - 11 chunks of flesh


   Skills:
 + Level 8.3 Fighting
 + Level 12.0 Maces & Flails
 + Level 8.0 Armour
 + Level 2.4 Dodging
 + Level 1.0 Stealth
 + Level 10.9 Shields


You had 10 spell levels left.
You didn't know any spells.

Dungeon Overview and Level Annotations

Branches:
Dungeon (9/15)             Temple (1/1) D:7            Lair (2/6) D:9
  Swamp (0/4) Lair:2
  Snake: Lair:2-4    Spider: Lair:2-4       Orc: D:9-12

Altars:
Ashenzari
Cheibriados
Dithmenos
Elyvilon
Fedhas
Gozag
Hepliaklqana
Kikubaaqudgha
Makhleb
Nemelex Xobeh
Okawaru
Qazlal
Ru
Sif Muna
Trog
Uskayaw
Vehumet
Xom
Yredelemnul
Zin
The Shining One

Shops:
D:8 *

Annotations:
Lair:2 Sonja


Innate Abilities, Weirdness & Mutations

You are resistant to torment.
Your stone body is resilient. (AC +7)
You are immune to poison.
You resist negative energy. (rN+)
You are resistant to electric shocks. (rElec)
You can survive without breathing.
You are immune to petrification.
You are immune to rotting.


Message History

Fannar is almost dead.
You block Sonja's attack. x2; Sonja hits you but does no damage.
Space warps horribly around you!
* * * LOW HITPOINT WARNING * * *
The ice beast hits you but does no damage.
Fannar hits you but does no damage.
You miss Fannar.
Fannar is almost dead.
Sonja mumbles some strange words.
Sonja blinks!
You block the ice beast's attack.
You puncture Fannar!
You kill Fannar!
Okawaru is honoured by your kill.
The ice beast disappears in a puff of smoke!
Your Maces & Flails skill increases to level 12!
You block Sonja's attack. Sonja hits you but does no damage.
Space warps horribly around you!
* * * LOW HITPOINT WARNING * * *
Sonja hits you but does no damage. Space warps horribly around you!
You die...

#.#....#..## #P.
#.#....#..P# #P.
##.#....P...# ##.
#P..........###P##..
#.#....#<..........
#.#.....[#....PP.#.
##†##.P(#.'.......
#...)$....#....... .
#.K@......#.+###..#.
##§######...........
#.## ##..#........
#..# #.Y#..P(.....
##.## ##..........#
#..# #K#..#......
##.######.#......P..
#...........#.....$
#...#.##....#...#..


You could see Sonja.

Vanquished Creatures
  Gastronok (D:8)
  Fannar (Lair:2)
  Pikel (D:9)
  A black mamba (Lair:1)
  Joseph (D:7)
  2 spiny frogs (Lair:1)
  A komodo dragon (Lair:1)
  An efreet (D:8)
  4 hippogriffs
  A two-headed ogre (D:8)
  A wyvern (D:8)
  A human (D:7)
  3 hogs (D:7)
  A yak (D:7)
  A basilisk (Lair:2)
  Menkaure (D:4)
  A hungry ghost (D:9)
  A soldier ant (Lair:2)
  Duvessa (D:6)
  4 water moccasins
  3 porcupines
  2 slaves (D:9)
  An ice beast (D:8)
  2 orc warriors
  2 sky beasts
  4 ogres
  4 centaurs
  A crocodile (Lair:1)
  8 bullfrogs
  Dowan (D:6)
  3 scorpions
  11 killer bees
  An electric eel (Lair:2)
  3 wights (D:7)
  A howler monkey (D:8)
  5 crimson imps
  5 hounds
  3 orc wizards
  Crazy Yiuf (D:2)
  A bullfrog skeleton (D:5)
  3 jellies
  An orc priest (D:7)
  3 centaur skeletons
  Jessica (D:2)
  4 iguanas
  Natasha (twice) (D:2)
  10 worker ants
  2 hound skeletons
  Robin (D:3)
  6 gnolls
  A worker ant zombie (D:9)
  14 adders
  2 shadow imps (D:8)
  An ooze (D:4)
  4 adder skeletons
  5 worms
  2 dart slugs
  7 leopard geckos
  12 orcs
  4 ball pythons
  3 bats
  5 giant cockroaches
  10 goblins
  8 hobgoblins
  5 jackals
  6 kobolds
  4 quokkas
  6 frilled lizards
  A jackal skeleton (D:6)
  9 rats
  2 fungi
235 creatures vanquished.

Vanquished Creatures (others)
  A plant (Lair:2)
1 creature vanquished.

Grand Total: 236 creatures vanquished

Notes
Turn   | Place    | Note
-------+----------+-------------------------------------------
     0 | D:1      | JeffiDaFish the Gargoyle Fighter began the quest for the Orb.
     0 | D:1      | Reached XP level 1. HP: 14/14 MP: 1/1
   135 | D:1      | Reached XP level 2. HP: 18/19 MP: 2/2
   198 | D:1      | Upgraded the game from 0.19.4-10-g532645f to 0.19.4-25-g1b72edd
   712 | D:2      | Reached XP level 3. HP: 8/23 MP: 3/3
   956 | D:2      | Noticed Jessica
   969 | D:2      | Killed Jessica
   969 | D:2      | Reached skill level 3 in Maces & Flails
   969 | D:2      | Reached XP level 4. HP: 22/29 MP: 4/4
  1542 | D:2      | Reached XP level 5. HP: 33/33 MP: 5/5
  1601 | D:2      | Noticed Natasha
  1615 | D:2      | Killed Natasha
  1621 | D:2      | Noticed Natasha
  1654 | D:2      | Killed Natasha
  1654 | D:2      | Reached skill level 4 in Maces & Flails
  1897 | D:2      | Noticed an ogre
  1910 | D:2      | Killed an ogre
  1910 | D:2      | Reached XP level 6. HP: 38/38 MP: 6/6
  2103 | D:2      | Found a runed door.
  2107 | D:2      | Noticed Crazy Yiuf
  2115 | D:2      | Killed Crazy Yiuf
  2401 | D:3      | Noticed Robin
  2427 | D:3      | Reached skill level 1 in Dodging
  2443 | D:3      | Killed Robin
  3321 | D:4      | Noticed Menkaure
  3328 | D:4      | Killed Menkaure
  3328 | D:4      | Reached skill level 5 in Maces & Flails
  3328 | D:4      | Reached skill level 5 in Shields
  3328 | D:4      | Reached XP level 7. HP: 44/44 MP: 7/7
  4111 | D:5      | Entered Level 5 of the Dungeon
  4138 | D:5      | Reached skill level 5 in Armour
  4138 | D:5      | Reached XP level 8. HP: 43/48 MP: 8/8
  4141 | D:5      | Reached skill level 6 in Maces & Flails
  4418 | D:5      | Reached skill level 5 in Fighting
  4747 | D:6      | Found a hazy altar of Hepliaklqana.
  4748 | D:6      | Noticed Dowan
  4755 | D:6      | Noticed Duvessa
  4815 | D:6      | Killed Duvessa
  4815 | D:6      | Reached skill level 7 in Maces & Flails
  4825 | D:6      | Killed Dowan
  5150 | D:6      | Reached XP level 9. HP: 54/54 MP: 9/9
  5217 | D:7      | Reached skill level 8 in Maces & Flails
  5650 | D:7      | Noticed Joseph
  5671 | D:7      | Killed Joseph
  5686 | D:7      | Found a staircase to the Ecumenical Temple.
  5732 | Temple   | Entered the Ecumenical Temple
  5794 | Temple   | Became a worshipper of Warmaster Okawaru
  5851 | D:7      | Reached skill level 9 in Maces & Flails
  5902 | D:7      | Identified the +0 scale mail of Gluttony {rF+ rN+ Str+4 Int-4} (You found it on level 7 of the Dungeon)
  6045 | D:7      | Reached XP level 10. HP: 55/60 MP: 10/10
  6071 | D:7      | Reached * piety under Okawaru
  6071 | D:7      | Reached skill level 10 in Maces & Flails
  6379 | D:8      | Noticed Gastronok
  6414 | D:8      | Reached ** piety under Okawaru
  6661 | D:8      | Found Xarauvua's Assorted Antiques.
  6669 | D:8      | Bought a fine great mace for 276 gold pieces
  6669 | D:8      | Identified the cursed +0 great mace "Efocar" {antimagic, rF+ Int+3 Dex-4 Stlth+} (You bought it in a shop on level 8 of the Dungeon)
  6671 | D:8      | Bought a morningstar for 96 gold pieces
  6702 | D:8      | Killed Gastronok
  6702 | D:8      | Reached *** piety under Okawaru
  6702 | D:8      | Reached skill level 1 in Stealth
  6962 | D:8      | Reached skill level 11 in Maces & Flails
  7373 | D:9      | Noticed Pikel
  7413 | D:9      | Killed Pikel
  7413 | D:9      | Reached XP level 11. HP: 61/67 MP: 11/11
  7478 | D:9      | Found a staircase to the Lair.
  7512 | D:9      | Reached skill level 10 in Shields
  8043 | Lair:1   | Entered Level 1 of the Lair of Beasts
  8295 | Lair:1   | Reached **** piety under Okawaru
  9100 | Lair:2   | Found a staircase to the Swamp.
  9102 | Lair:2   | Noticed Sonja
  9544 | Lair:2   | Noticed Fannar
  9675 | Lair:2   | Killed Fannar
  9675 | Lair:2   | Reached skill level 12 in Maces & Flails
  9675 | Lair:2   | HP: 3/68 [Sonja/uncursed dagger of distortion (16)]
  9675 | Lair:2   | Slain by Sonja

Skill      XL: |  1  2  3  4  5  6  7  8  9 10 11 |
---------------+----------------------------------+-----
Maces & Flails | 3 4 5 7 9 11 12 | 12.0
Shields        | 4 5 6 8 9 10 | 10.9
Fighting       | 4 5 6 7 8 |  8.3
Armour         | 4 5 6 7 8 |  8.0
Dodging        | 1 2 |  2.4
Stealth        | 1 |  1.0

Action                   |  1- 3 |  4- 6 |  7- 9 | 10-12 || total
-------------------------+-------+-------+-------+-------++-------
Melee: Flail             |    87 |   243 |   433 |    90 ||   853
       Morningstar       |       |       |       |   470 ||   470
       Whip              |       |       |       |    62 ||    62
  Use: Potion            |     4 |     3 |     2 |     6 ||    15
       Scroll            |     4 |     3 |    11 |     7 ||    25
 Stab: Fleeing           |       |       |     1 |       ||     1
  Eat: Chunk             |       |     9 |     9 |    14 ||    32
Armor: Scale mail        |    49 |    60 |       |       ||   109
       Skin              |     1 |       |       |       ||     1
       Chain mail        |       |    76 |   264 |   100 ||   440
       Plate armour      |       |       |       |   208 ||   208
Dodge: Dodged            |    35 |    74 |   104 |   121 ||   334
Block: Shield            |    55 |   150 |   290 |   430 ||   925
       Reflection        |       |       |       |     2 ||     2
